 Dungeon Crawl Stone Soup version 0.17.1-1-g73c8601 (webtiles) character file.

316 Goblin1989 the Sneak (level 6, -7/30 HPs)
             Began as a Vine Stalker Assassin on Dec 25, 2015.
             Was an Initiate of Ashenzari.
             Mangled by Sigmund
             ... wielding a +0 scythe
              (8 damage)
             ... on level 4 of the Dungeon on Dec 28, 2015.
             The game lasted 00:09:55 (2787 turns).

Goblin1989 the Sneak (Vine Stalker Assassin)        Turns: 2787, Time: 00:09:55

Health: -7/30      AC:  5    Str: 13    XL:     6   Next: 44%
Magic:  0/7        EV:  8    Int: 11    God:    Ashenzari [......]
Gold:   209        SH:  7    Dex: 18    Spells: 0 memorised, 5 levels left

rFire  . . .     SeeInvis .     a - +2 dagger
rCold  . . .     Clarity  .     c - +0 robe
rNeg   . . .     SustAt   .     x - +0 shield
rPois  .         Gourm    .     C - +0 helmet
rElec  .         Spirit   +     d - +0 cloak
rCorr  .         Warding  .     q - +0 pair of gloves
rMut   .         Stasis   .     (no boots)
MR     .....                    (no amulet)
Stlth  ++++......               (no ring)
                                (no ring)

@: lethally poisoned (-7 -> -7), not resistant to hostile enchantments, stealthy
A: fangs 2, regeneration 2, magic shield, antimagic bite, no device heal 3, rot
immunity
a: Renounce Religion


You were on level 4 of the Dungeon.
You worshipped Ashenzari.
Ashenzari was noncommittal.
You were hungry.

You visited 1 branch of the dungeon, and saw 4 of its levels.

You collected 209 gold pieces.

Inventory:

Hand Weapons
 a - a +2 dagger (weapon)
 b - a +0 blowgun
Missiles
 e - 30 poisoned needles
 f - 2 curare-tipped needles
Armour
 c - a +0 robe (worn)
 d - a +0 cloak (worn)
 q - a +0 pair of gloves (worn)
 x - a +0 shield (worn)
 C - a +0 helmet (worn)
Scrolls
 i - a scroll of enchant armour {unknown}
 j - a scroll of enchant weapon {unknown}
 k - 4 scrolls of identify {unknown}
 l - 2 scrolls of immolation {unknown}
 o - a scroll of blinking {unknown}
 p - a scroll of magic mapping {unknown}
 r - a scroll of remove curse
 s - 2 scrolls of teleportation {unknown}
 u - a scroll of fog {unknown}
 y - 2 scrolls of noise {unknown}
Potions
 m - a potion of cancellation {unknown}
 n - a potion of haste {unknown}
 t - a potion of heal wounds {unknown}
 v - a potion of degeneration {unknown}
 w - a potion of brilliance {unknown}
 A - 3 potions of curing {unknown}
 B - a potion of cure mutation {unknown}
 D - a potion of might {unknown}
Comestibles
 g - 5 bread rations
 h - 2 fruits
 z - a beef jerky


   Skills:
 - Level 1.7 Fighting
 * Level 5.0 Short Blades
 - Level 1.7 Throwing
 - Level 0.7 Dodging
 + Level 6.7 Stealth


You had 5 spell levels left.
You didn't know any spells.

Dungeon Overview and Level Annotations

Branches:
Dungeon (4/15)
 Temple: D:4-7

Altars:
Ashenzari
Kikubaaqudgha
Ru
Sif Muna
Yredelemnul
The Shining One

Annotations:
D:4 Sigmund


Innate Abilities, Weirdness & Mutations

You have extremely sharp teeth.
You heal very quickly.
When hurt, damage is shared between your health and your magic reserves.
Your bite disrupts and absorbs the magic of your enemies.
Potions and wands cannot restore your health.
You are immune to rotting.


Message History

You hit the centaur skeleton. You bite the centaur skeleton.
You drain its power.
You feel invigorated. The centaur skeleton hits you.
* * * LOW HITPOINT WARNING * * *
The centaur skeleton hits you but does no damage.
You hit the centaur skeleton.
You destroy the centaur skeleton!
Your Short Blades skill increases to level 5!
You hit the worker ant.
The worker ant is moderately wounded.
You feel sick. The worker ant bites you.
* * * LOW HITPOINT WARNING * * *
You hit the worker ant.
The worker ant is moderately wounded.
The worker ant bites you.
* * * LOW HITPOINT WARNING * * *
You hit the worker ant but do no damage.
You bite the worker ant. You drain its power.
You feel invigorated.
The worker ant is heavily wounded.
Something hits you!
You die...

...# #.# #.. ...#
##.####..... $..#
###......)# ...#
##########...#.#####
...#####.....)....###.#
.####....########## #.#
....#....##### #.#
###....>.(.†.########.#
###....###...a@..##.##
#....#
#######.....##########
###### ####......##....
##............
#.....[.......
#.........†<..
#.............
#..........)..
#.............


You could see a worker ant.

Vanquished Creatures
  Blork the orc (D:4)
  A hound (D:4)
  A centaur skeleton (D:4)
  Jessica (D:3)
  A worker ant (D:4)
  4 adders
  An ooze (D:2)
  An adder skeleton (D:4)
  3 worms
  3 giant geckos
  2 orcs
  A ball python (D:3)
  7 goblins
  7 hobgoblins
  4 jackals
  18 kobolds
  3 quokkas
  16 bats
  3 giant cockroaches
  4 giant newts
  8 rats
90 creatures vanquished.

Notes
Turn   | Place    | Note
--------------------------------------------------------------
     0 | D:1      | Goblin1989 the Vine Stalker Assassin began the quest for the Orb.
     0 | D:1      | Reached XP level 1. HP: 11/11 MP: 2/2
    96 | D:1      | Reached XP level 2. HP: 15/15 MP: 3/3
   337 | D:1      | Reached skill level 5 in Stealth
   673 | D:1      | Reached XP level 3. HP: 18/18 MP: 4/4
   836 | D:2      | Found a glowing golden altar of the Shining One.
  1059 | D:2      | Found a basalt altar of Yredelemnul.
  1160 | D:2      | Reached XP level 4. HP: 19/23 MP: 5/5
  1639 | D:3      | Noticed Jessica
  1655 | D:3      | Killed Jessica
  1655 | D:3      | Reached XP level 5. HP: 18/26 MP: 4/6
  1720 | D:3      | Found a deep blue altar of Sif Muna.
  2058 | D:3      | Found an ancient bone altar of Kikubaaqudgha.
  2254 | D:3      | Reached skill level 6 in Stealth
  2379 | D:3      | Found a shattered altar of Ashenzari.
  2395 | D:3      | Became a worshipper of Ashenzari the Shackled
  2531 | D:3      | Found a sacrificial altar of Ru.
  2695 | D:4      | Noticed Blork the orc
  2714 | D:4      | Killed Blork the orc
  2714 | D:4      | Gained mutation: You heal very quickly. [Vine Stalker growth]
  2714 | D:4      | Reached XP level 6. HP: 18/30 MP: 4/7
  2758 | D:4      | Noticed Sigmund
  2784 | D:4      | Reached skill level 5 in Short Blades
  2786 | D:4      | HP: 1/30 [worker ant (1)]
  2787 | D:4      | Mangled by Sigmund

Action                   |  1- 3 |  4- 6 || total
-------------------------+-------+-------++-------
Melee: Dagger            |    84 |   137 ||   221
 Fire: Blowgun           |       |    22 ||    22
 Stab: Sleeping          |    14 |    19 ||    33
  Eat: Chunk             |       |     5 ||     5
